 Dungeon Crawl Stone Soup version 0.29.1-1-gd02db6906a (webtiles) character file.

Game seed: 9470224657429589340

25789 groovy9 the Marksant (level 13, -1/78 (88) HPs)
             Began as a Formicid Hunter on Sept 18, 2022.
             Was a High Priest of Hepliaklqana.
             Slain by a black mamba (9 damage)
             ... on level 5 of the Lair of Beasts.
             The game lasted 00:58:32 (14089 turns).

groovy9 the Marksant (Formicid Hunter)             Turns: 14089, Time: 00:58:33

HP:   -1/78 (88)    AC: 21    Str: 16    XL:     13   Next: 53%
MP:   20/20         EV: 15    Int: 10    God:    Hepliaklqana [*****.]
Gold: 846           SH:  0    Dex: 21    Spells: 12/12 levels left

rFire   + + .      SeeInvis +   a - +0 shortbow (flame)
rCold   + . .      Faith    .   (no shield)
rNeg    . . .      Spirit   .   v - +4 ring mail
rPois   +          Reflect  .   (helmet unavailable)
rElec   +          Harm     .   k - scarf {+Inv}
rCorr   +          Rampage  .   G - +0 pair of gloves
Will    +....                   S - +2 pair of boots {Fly}
Stlth   +++.......              C - amulet of regeneration
HPRegen 1.03/turn               e - ring of protection from fire
MPRegen 0.17/turn               g - +4 ring of protection

@: lethally poisoned (-1 -> -2), resistant, flying, very slightly contaminated,
heavily drained
A: reduced essence, permanent stasis, dig shafts and tunnels, antennae 3, four
strong arms, claws 1, iridescent scales 1
a: Dig, Shaft Self, Renounce Religion, Evoke Invisibility, Recall Ancestor,
Ancestor Identity, Transference, Idealise


You were on level 5 of the Lair of Beasts.
You worshipped Hepliaklqana.
Hepliaklqana was extremely pleased with you.
You visited 3 branches of the dungeon, and saw 17 of its levels.
You also visited: Ossuary.

You collected 846 gold pieces.

Inventory:

Hand Weapons
 a - a +0 shortbow of flaming (weapon)
 b - a +0 vampiric dagger
Missiles
 n - 19 poisoned darts
 q - a throwing net
 B - 3 curare-tipped darts
 N - 5 atropa-tipped darts
Armour
 k - a scarf of invisibility (worn)
 v - a +4 ring mail (worn)
 w - a +0 leather armour of cold resistance
 G - a +0 pair of gloves (worn)
 H - +0 acid dragon scales
 S - a +2 pair of boots of flying (worn)
Jewellery
 e - a ring of protection from fire (left hand)
 g - a +4 ring of protection (right hand)
 C - an amulet of regeneration (around neck)
 P - a ring of wizardry
Wands
 d - a wand of acid (6)
 r - a wand of flame (20)
 x - a wand of iceblast (7)
 L - a wand of mindburst (3)
Scrolls
 f - 3 scrolls of immolation
 l - 3 scrolls of amnesia
 p - a scroll of enchant armour
 u - 2 scrolls of enchant weapon
 y - 3 scrolls of vulnerability
 D - a scroll of brand weapon
 J - 3 scrolls of identify
 O - 2 scrolls of magic mapping
 Q - a scroll of poison
Potions
 h - 4 potions of flight
 i - 2 potions of degeneration
 j - 3 potions of cancellation
 m - 8 potions of ambrosia
 s - 3 potions of attraction
 t - 3 potions of mutation
 A - 2 potions of brilliance
 F - a potion of berserk rage
 K - a potion of magic
Miscellaneous
 R - a phantom mirror


   Skills:
 + Level 7.9 Fighting
 - Level 15.2 Ranged Weapons
 + Level 7.5 Armour
 + Level 6.5 Dodging
 + Level 7.6 Stealth
 - Level 10.0 Invocations
 + Level 5.3 Evocations


You had 12 spell levels left.
You didn't know any spells.
Your spell library contained the following spells:

 Spells                   Type           Power      Damage    Failure   Level
 Foxfire                  Conj/Fire      0%         2x1d4     54%         1
 Poisonous Vapours        Pois/Air       0%         N/A       69%         2
 Conjure Flame            Conj/Fire      0%         6-21      89%         3
 Gell's Gravitas          Tloc           0%         N/A       89%         3
 Inner Flame              Hex/Fire       0%         N/A       89%         3
 Lesser Beckoning         Tloc           0%         N/A       89%         3
 Teleport Other           Tloc           0%         N/A       89%         3
 Corpse Rot               Necr/Pois/Air  0%         N/A       100%        4
 Flame Wave               Conj/Fire      0%         2d4       100%        4
 Petrify                  Tmut/Erth      0%         N/A       100%        4
 Freezing Cloud           Conj/Ice/Air   0%         6-21      100%        5
 Metabolic Englaciation   Hex/Ice        0%         N/A       100%        5
 Simulacrum               Ice/Necr       0%         N/A       100%        6
 Statue Form              Tmut/Erth      0%         N/A       100%        6
 Polar Vortex             Ice            0%         N/A       100%        9


Dungeon Overview and Level Annotations

Branches:
Dungeon (11/15)            Temple (1/1) D:4            Lair (5/5) D:11
  Swamp (0/4) Lair:3        Snake (0/4) Lair:3        Slime (0/5) Lair:4
    Orc (0/2) D:11        Ossuary (visited)

Altars:
Ashenzari
Cheibriados
Dithmenos
Elyvilon
Fedhas
Gozag
Hepliaklqana
Kikubaaqudgha
Makhleb
Nemelex Xobeh
Okawaru
Qazlal
Ru
Sif Muna
Trog
Uskayaw
Vehumet
Wu Jian
Xom
Yredelemnul
Zin
The Shining One
Jiyva

Portals:
Trove: D:11 (give +3 fire dragon scales)

Annotations:
D:5 Menkaure


Innate Abilities, Weirdness & Mutations

Your life essence is reduced to manifest your ancestor. (-10% HP)
You cannot be hasted, slowed, berserked, paralysed or teleported.
You can dig through walls and to a lower floor.
You have a pair of large antennae on your head. (SInv)
Your four strong arms can wield two-handed weapons with a shield.
You have sharp fingernails.
You are partially covered in iridescent scales. (AC +2)


Message History

You are confused.
You feel invigorated.
You feel very sick. The black mamba bites you!
* * * LOW HITPOINT WARNING * * *
The black mamba barely misses you.
Okay, then.
You are too confused!
Non-targeted confused fire: a) +0 shortbow (flame)
Press: ? - help, Q - select action, (/) - cycle Dir - look around, f - activate Look: a black mamba (lightly wounded)
You shoot an arrow.
The arrow barely misses the black mamba.
The arrow hits the water moccasin but does no damage.
You feel very sick.
The black mamba bites you but does no damage.
Non-targeted confused fire: a) +0 shortbow (flame)
Press: ? - help, Q - select action, (/) - cycle Dir - look around, f - activate Look: a black mamba (lightly wounded)
You shoot an arrow.
You feel very sick.
The black mamba bites you but does no damage.
The black mamba barely misses you. The cane toad attacks as you move away!
The cane toad misses you.
You feel sick. The black mamba misses you.
The black mamba attacks as you move away!
The black mamba bites you!
* * * LOW HITPOINT WARNING * * *
You feel less invigorated.
You feel less confused.
You feel sick.
The blink frog blinks!
The cane toad barely misses you. The black mamba closely misses you.
You feel sick.
The black mamba bites you but does no damage.
The cane toad stings you but does no damage.
The black mamba attacks as you move away!
The black mamba barely misses you. The cane toad attacks as you move away!
The cane toad misses you.
You feel sick.
The blink frog blinks!
The black mamba bites you!
You die...

.P..##...##
.......P)..#
........P..##
##........P..
#...P.....#.## #
#...P.....F..#
##.#......S.#PF#
......$..#{#Y..###
...P.....hFY#FS@.##
..F.....#.Y{##.?..#
......†#†§kl#...PP#
.<......###.##......
........##...#..##.##
.........##........#
..........#.....#.#.
...........#....# ..
.......k..?###..#


You could see a black mamba, a yak, 2 cane toads, a blink frog and a water
moccasin.

Vanquished Creatures
  2 hydras
  Amaemon (Lair:2)
  2 bog bodies (Lair:3)
  2 black mambas
  3 cane toads
  An orange demon (Lair:2)
  2 unseen horrors
  2 komodo dragons (Lair:4)
  A rime drake (Lair:4)
  A troll (D:11)
  A queen bee (D:10)
  8 blink frogs (Lair:4)
  A slime creature (D:10)
  3 wyverns
  2 yaks (Lair:5)
  3 vampire mosquitoes (D:11)
  A basilisk (Lair:2)
  A steam dragon (D:10)
  Edmund (D:4)
  An acid dragon (D:9)
  A naga (Lair:3)
  7 water moccasins
  3 ice beasts (D:7)
  A black bear (D:6)
  4 orc warriors
  3 sky beasts
  7 wolves
  4 centaurs
  A phantom (D:2)
  Blork the orc (D:4)
  4 kobold brigands
  3 bullfrogs
  3 scorpions
  3 wights (D:7)
  27 killer bees
  3 howler monkeys (D:9)
  4 orc priests
  2 gnoll boudas (D:8)
  3 hounds
  2 iguanas
  4 orc wizards
  Natasha (thrice) (D:4)
  2 mummies (Ossuary)
  8 gnolls
  5 adders
  2 shadow imps (D:4)
  5 white imps
  An ufetubus (D:4)
  An adder zombie (Ossuary)
  2 worms
  2 dart slugs
  33 orcs
  6 bats
  4 endoplasms
  6 giant cockroaches
  2 gnoll zombies (Ossuary)
  4 goblins
  5 hobgoblins
  5 jackals (D:1)
  7 quokkas
  6 ball pythons
  8 frilled lizards
  A goblin zombie (Ossuary)
  15 kobolds
  2 orc zombies (Ossuary)
  7 rats
  A rat zombie (Ossuary)
272 creatures vanquished.

Vanquished Creatures (collateral kills)
  A hydra (Lair:3)
  A catoblepas (Lair:4)
  Urug (Lair:2)
  A cyclops (D:11)
  6 cane toads
  A rime drake (Lair:3)
  Psyche (D:9)
  Grinder (D:5)
  A hornet (D:9)
  A troll (D:10)
  2 slime creatures (D:10)
  5 blink frogs
  2 shadows
  A yak (Lair:5)
  A vampire (D:11)
  A steam dragon (D:8)
  3 wargs (D:11)
  An acid dragon (D:11)
  2 nagas (Lair:3)
  4 water moccasins
  An ice beast (D:8)
  6 orc warriors
  5 wolves
  A centaur (D:10)
  An elf zombie (Ossuary)
  2 scorpions (D:6)
  3 bullfrogs
  A gnoll sergeant (D:11)
  A wight (D:7)
  9 killer bees
  2 hounds
  3 orc priests
  4 orc wizards
  2 mummies (Ossuary)
  2 adders
  7 gnolls
  8 orcs
  2 jackal zombies (Ossuary)
  7 kobolds
  An orc zombie (Ossuary)
  A rat zombie (Ossuary)
106 creatures vanquished.

Vanquished Creatures (others)
  3 knights
  5 ancestors
  2 demonic plants (D:4)
  10 fungi
  20 plants
40 creatures vanquished.

Grand Total: 418 creatures vanquished

Notes
Turn   | Place    | Note
-------+----------+-------------------------------------------
     0 | D:1      | groovy9 the Formicid Hunter began the quest for the Orb.
     0 | D:1      | Reached XP level 1. HP: 16/16 MP: 1/1
    73 | D:1      | Reached XP level 2. HP: 22/22 MP: 2/2
   279 | D:1      | Reached XP level 3. HP: 24/27 MP: 3/3
   555 | D:1      | Reached skill level 5 in Ranged Weapons
   596 | D:1      | Found a faded altar of an unknown god.
  1269 | D:2      | Noticed a phantom
  1289 | D:3      | Reached XP level 4. HP: 33/33 MP: 4/4
  1581 | D:3      | Reached XP level 5. HP: 38/38 MP: 5/5
  1594 | D:3      | Reached skill level 6 in Ranged Weapons
  2120 | D:4      | Noticed Edmund
  2208 | D:2      | You fall into a shaft and drop 2 floors!
  2392 | D:2      | Killed a phantom
  2393 | D:2      | Reached XP level 6. HP: 34/44 MP: 6/6
  2935 | D:4      | Reached skill level 7 in Ranged Weapons
  2974 | D:4      | Noticed Natasha
  2976 | D:4      | Killed Natasha
  3176 | D:4      | Found a staircase to the Ecumenical Temple.
  3190 | Temple   | Entered the Ecumenical Temple
  3220 | Temple   | Became a worshipper of Hepliaklqana the Forgotten
  3251 | D:4      | Killed Edmund
  3252 | D:4      | Reached skill level 8 in Ranged Weapons
  3252 | D:4      | Reached XP level 7. HP: 49/50 MP: 7/7
  3434 | D:4      | Noticed Natasha
  3437 | D:4      | Killed Natasha
  3443 | D:4      | Noticed Natasha
  3501 | D:4      | Killed Natasha
  3507 | D:4      | Noticed Blork the orc
  3517 | D:4      | Killed Blork the orc
  3736 | D:4      | Reached skill level 9 in Ranged Weapons
  3910 | D:5      | Entered Level 5 of the Dungeon
  4011 | D:5      | Found an iron altar of Okawaru.
  4012 | D:5      | Gained mutation: You are partially covered in large bone
                  | plates. (SH +4) [potion of mutation]
  4013 | D:5      | Found a shimmering blue altar of Sif Muna.
  4013 | D:5      | Found a glowing golden altar of the Shining One.
  4015 | D:5      | Found an ancient bone altar of Kikubaaqudgha.
  4016 | D:5      | Found a stormy altar of Qazlal.
  4020 | D:5      | Noticed Menkaure
  4029 | D:5      | You fall into a shaft and drop 2 floors!
  4029 | D:7      | Found a hide-covered altar of Uskayaw.
  4203 | D:7      | Reached XP level 8. HP: 36/56 MP: 8/8
  4388 | D:7      | Reached * piety under Hepliaklqana
  4580 | D:7      | Reached skill level 10 in Ranged Weapons
  4693 | D:6      | Reached skill level 11 in Ranged Weapons
  4700 | D:6      | Reached XP level 9. HP: 42/54 MP: 9/9
  5019 | D:5      | Found a white marble altar of Elyvilon.
  5081 | D:5      | Noticed Grinder
  5091 | D:5      | Killed Grinder
  5266 | D:5      | Reached skill level 12 in Ranged Weapons
  5874 | D:6      | Reached ** piety under Hepliaklqana
  5893 | D:6      | Remembered your ancestor Matia as a knight
  5969 | D:6      | Reached skill level 13 in Ranged Weapons
  6050 | D:6      | Noticed an unseen horror
  6062 | D:6      | Killed an unseen horror
  6145 | D:6      | Reached XP level 10. HP: 60/60 MP: 10/10
  6843 | D:7      | Reached skill level 14 in Ranged Weapons
  7397 | D:8      | Reached *** piety under Hepliaklqana
  7563 | D:8      | Found a sand-covered staircase.
  7572 | Ossuary  | Entered an ossuary
  8477 | D:9      | Reached skill level 1 in Armour
  8477 | D:9      | Reached skill level 1 in Invocations
  8477 | D:9      | Reached skill level 1 in Evocations
  8498 | D:9      | Reached **** piety under Hepliaklqana
  8572 | D:9      | Noticed Psyche
  8582 | D:9      | Killed Psyche
  8842 | D:10     | Entered Level 10 of the Dungeon
  8924 | D:10     | Reached XP level 11. HP: 67/67 MP: 9/12
  9034 | D:10     | Reached skill level 15 in Ranged Weapons
  9692 | D:11     | Reached skill level 5 in Invocations
  9711 | D:11     | Noticed a cyclops
  9713 | D:11     | Killed a cyclops
  9768 | D:11     | Found a staircase to the Lair.
 10182 | D:11     | Found a staircase to the Orcish Mines.
 10211 | D:11     | Reached XP level 12. HP: 75/75 MP: 18/18
 10333 | D:11     | Found a portal to a secret trove of treasure.
 10702 | Lair:1   | Entered Level 1 of the Lair of Beasts
 11024 | Lair:1   | Reached skill level 5 in Fighting
 11460 | Lair:2   | Noticed Urug
 11468 | Lair:2   | Noticed a six-headed hydra
 11479 | Lair:2   | Killed Urug
 11495 | Lair:2   | Killed a six-headed hydra
 11496 | Lair:2   | Reached skill level 10 in Invocations
 11503 | Lair:2   | Reached skill level 5 in Armour
 11902 | Lair:2   | Noticed Amaemon
 11921 | Lair:2   | Killed Amaemon
 12424 | Lair:3   | Noticed a seven-headed hydra
 12431 | Lair:3   | Killed a seven-headed hydra
 12432 | Lair:3   | Reached skill level 5 in Dodging
 12576 | Lair:3   | Reached skill level 5 in Stealth
 12784 | Lair:3   | Reached ***** piety under Hepliaklqana
 12808 | Lair:3   | Reached XP level 13. HP: 85/85 MP: 20/20
 12951 | Lair:3   | Found a staircase to the Swamp.
 13140 | Lair:3   | Noticed a five-headed hydra
 13151 | Lair:3   | Killed a five-headed hydra
 13261 | Lair:3   | Found a staircase to the Snake Pit.
 13376 | Lair:3   | Lost mutation: You are partially covered in large bone
                  | plates. (SH +4) [potion of mutation]
 13376 | Lair:3   | Gained mutation: You have sharp fingernails. [potion of
                  | mutation]
 13376 | Lair:3   | Gained mutation: You are partially covered in iridescent
                  | scales. (AC +2) [potion of mutation]
 13568 | Lair:4   | Noticed a catoblepas
 13583 | Lair:4   | Killed a catoblepas
 13685 | Lair:4   | Found a staircase to the Slime Pits.
 13686 | Lair:4   | Found a viscous altar of Jiyva.
 13691 | Lair:4   | Identified the +5 scale mail of Youthful Indiscretion {Harm
                  | Slay+2 Stlth+}
 13741 | Lair:4   | Reached skill level 5 in Evocations
 14007 | Lair:4   | You are sucked into a shaft and drop 1 floor!
 14007 | Lair:5   | Entered Level 5 of the Lair of Beasts
 14026 | Lair:5   | Noticed a seven-headed hydra
 14089 | Lair:5   | Slain by a black mamba

Illustrated notes

Levels and vault maps discovered:
D:1:      giann_horns, layout_basic, shapermc_ecumenical_altar_flowoftime,
          interstate_on_off
D:2:      layout_loops_ring, nrook_campfire, kennysheep_generic_room_8
D:3:      layout_basic, grunt_ministairs_6
D:4:      layout_rooms, minmay_temple_entry_large_hall, serial_demonic,
          serial_demonic_c, serial_demonic_f, serial_demonic_e,
          serial_demonic_b, grunt_ministairs_1, uniq_edmund, uniq_blork_the_orc,
          uniq_natasha
D:5:      layout_loops_corners, grunt_temple_overflow_open,
          mainiacjoe_overflow_chevrons, uniq_menkaure, uniq_grinder
D:6:      wander_river, layout_loops_ring
D:7:      layout_loops_ring, mainiacjoe_overflow_boulevard, grunt_decor_fettered
D:8:      layout_loops_corners, enter_ossuary_1
D:9:      layout_rooms, uniq_psyche
D:10:     layout_roguey [special_room_bee], kennysheep_generic_room_16
D:11:     layout_loops_ring, erik_lair_orcish_takeover, david_orc_1_choice,
          nicolae_trove_entry_diagonal, lemuel_flame_loot_1
Temple:   hellmonk_temple_of_storms
Lair:1:   layout_concentric_octagons
Lair:2:   layout_cave_pods, uniq_urug, uniq_amaemon
Lair:3:   layout_loops_ring, skrybe_swamp_entry_bodies,
          guppyfry_snake_entry_garden, chequers_serial_rivers_small_b
Lair:4:   layout_gridlike, slime_entry_1, grunt_megastairs_5
Lair:5:   gammafunk_lair_ancient_temple, layout_misc_corridors,
          patterned_corridor

Skill      XL: |  1  2  3  4  5  6  7  8  9 10 11 12 13 |
---------------+----------------------------------------+-----
Ranged Weapons | 5 6 8 9 11 13 14 15 | 15.2
Dodging        | 2 3 5 6 |  6.5
Armour         | 2 4 6 7 |  7.5
Invocations    | 2 8 10 | 10.0
Evocations     | 2 3 5 |  5.3
Fighting       | 3 4 6 7 |  7.9
Stealth        | 5 7 |  7.6

Action                   |  1- 3 |  4- 6 |  7- 9 | 10-12 | 13-15 || total
-------------------------+-------+-------+-------+-------+-------++-------
Melee: Shortbow          |       |       |       |       |     1 ||     1
 Fire: Shortbow          |    73 |   144 |   305 |   589 |   207 ||  1318
Throw: Throwing net      |       |       |       |       |     1 ||     1
Invok: Recall Ancestor   |       |       |     2 |     5 |     3 ||    10
       Ancestor Life: Kn |       |       |     1 |       |       ||     1
       Idealise          |       |       |       |     2 |       ||     2
 Abil: Dig               |     2 |       |     2 |     7 |     3 ||    14
       Shaft Self        |       |     1 |     1 |       |       ||     2
       Evoke Invisibilit |       |       |       |       |     1 ||     1
Evoke: Wand              |       |       |       |       |     1 ||     1
       Phantom mirror    |       |       |       |       |     1 ||     1
  Use: Scroll            |     1 |     6 |    11 |    10 |     2 ||    30
       Potion            |       |     2 |     4 |     2 |    17 ||    25
Armor: Leather armour    |     5 |    14 |    20 |       |       ||    39
       Skin              |       |    19 |    47 |       |       ||    66
       Ring mail         |       |       |     6 |    59 |   132 ||   197
Dodge: Dodged            |    19 |    22 |    44 |    78 |   238 ||   401
Block: Other             |       |       |    16 |    21 |       ||    37
